Map: Whirlwind LE (Void)

Players

fropez - Winner!

  • Race: Protoss Protoss
  • League: Gold
  • Spawn Location: 7:00

Amountofsox

  • Race: Terran Terran
  • League: Gold
  • Spawn Location: 11:00

VOD

Have the link to the VOD?

Description

Time

  • Played on: Dec. 15, 2016, 7:45 p.m.
  • Length: 25:14
Show
View Real Time Build Order
Export as new Build Order

fropez Protoss - Winner!

Build Orders: 1 Gate Expand 

Get SALT Encoding   

  12  0:01  Probe (Chrono Boost)  
  13  0:13  Probe (Chrono Boost)  
  14  0:19  Pylon  
  14  0:24  Probe (Chrono Boost)  
  15  0:37  Probe (Chrono Boost)  
  15  0:38  Gateway  
  16  0:47  Assimilator  
  16  0:48  Probe (Chrono Boost)  
  17  0:59  Probe (Chrono Boost)  
  18  1:10  Probe (Chrono Boost)  
  19  1:21  Probe (Chrono Boost)  
  20  1:29  Nexus  
  20  1:34  Pylon  
  20  1:37  Probe (Chrono Boost)  
  21  1:52  Probe (Chrono Boost)  
  22  2:00  Pylon  
  22  2:11  Probe (Chrono Boost)  
  22  2:12  Cybernetics Core  
  22  2:14  Pylon  
  23  2:18  Assimilator  
  23  2:22  Probe (Chrono Boost)  
  24  2:32  Probe (Chrono Boost)  
  24  2:33  Gateway  
  25  2:41  Probe (Chrono Boost)  
  25  2:43  Probe (Chrono Boost)  
  27  2:47  Stalker  
  27  2:51  Warp Gate  
  31  2:59  Probe (Chrono Boost), Mothership Core (Chrono Boost)  
  32  3:16  Probe (Chrono Boost)  
  32  3:18  Assimilator  
  34  3:20  Probe (Chrono Boost)  
  34  3:22  Pylon  
  34  3:23  Adept  
  34  3:26  Adept, Probe (Chrono Boost)  
  39  3:32  Probe (Chrono Boost)  
  40  3:37  Pylon, Probe (Chrono Boost)  
  40  3:38  Assimilator  
  41  3:44  Probe (Chrono Boost)  
  41  3:46  Twilight Council  
  41  3:48  Probe (Chrono Boost)  
  43  3:50  Pylon  
  43  3:54  Adept  
  45  3:55  Adept  
  45  4:00  Probe x2 (Chrono Boost)  
  49  4:12  Probe (Chrono Boost)  
  49  4:14  Probe (Chrono Boost)  
  51  4:19  Adept x2  
  51  4:21  Resonating Glaives  
  55  4:26  Gateway  
  55  4:27  Gateway  
  55  4:56  Adept x2  
  57  5:26  Stalker x2  
  42  5:57  Pylon  
  42  5:59  Stalker x2  
  44  6:11  Pylon  
  46  6:19  Probe x2 (Chrono Boost)  
  46  6:20  Adept x2  
  50  6:31  Probe x2 (Chrono Boost)  
  52  6:41  Gateway  
  52  6:42  Gateway  
  52  6:43  Adept x3  
  52  6:44  Nexus  
  58  6:47  Assimilator  
  58  6:51  Assimilator  
  58  6:53  Pylon, Probe x2 (Chrono Boost)  
  60  6:55  Pylon  
  60  6:58  Pylon  
  60  7:07  Adept  
  60  7:08  Adept x3  
  64  7:25  Robotics Facility  
  64  7:28  Gateway  
  64  7:29  Sentry x4  
  72  7:31  Pylon  
  72  7:33  Probe x2 (Chrono Boost)  
  76  7:45  Probe x2 (Chrono Boost)  
  76  7:52  Pylon  
  76  7:56  Adept x6  
  76  7:57  Probe x2 (Chrono Boost)  
  90  8:00  Pylon  
  90  8:05  Probe (Chrono Boost)  
  91  8:08  Pylon  
  91  8:09  Probe (Chrono Boost)  
  91  8:12  Warp Prism  
  94  8:23  Sentry x5  
  94  8:24  Sentry  
  108  8:28  Probe x2 (Chrono Boost)  
  108  8:45  Observer, Dark Shrine  
  108  8:47  Probe x3 (Chrono Boost)  
  108  8:48  Pylon  
  111  8:59  Probe (Chrono Boost)  
  111  9:00  Stalker x4  
  98  9:22  Warp Prism  
  96  9:30  Stalker x4  
  96  9:31  Stalker  
  108  9:35  Adept  
  108  9:37  Adept  
  98  10:17  Stalker x2  
  98  10:18  Stalker x5  
  88  10:47  Stalker x3  
  88  10:48  Stalker x4  
  82  11:35  Warp Prism, Stalker x3  
  82  11:36  Stalker x4  
  89  12:01  Dark Templar x2  
  89  12:02  Dark Templar x4  
  89  12:03  Dark Templar  
  83  12:57  Stalker x6  
  83  12:58  Stalker  
  83  13:03  Probe (Chrono Boost)  
  83  13:04  Probe x2 (Chrono Boost)  
  81  13:20  Probe (Chrono Boost)  
  81  13:21  Probe (Chrono Boost)  
  81  13:22  Mothership Core (Chrono Boost)  
  81  13:25  Adept x3  
  81  13:26  Adept x4  
  96  13:29  Nexus  
  96  13:30  Observer  
  96  13:31  Assimilator  
  97  13:36  Assimilator  
  97  13:40  Pylon  
  97  13:43  Pylon  
  97  13:54  Probe (Chrono Boost)  
  100  13:56  Probe x2 (Chrono Boost)  
  100  14:05  Adept x6  
  100  14:06  Adept  
  115  14:17  Probe (Chrono Boost)  
  115  14:19  Probe x2 (Chrono Boost)  
  117  14:31  Probe (Chrono Boost)  
  118  14:41  Dark Templar x5  
  118  14:42  Dark Templar x2  
  122  15:17  Stalker  
  122  15:18  Dark Templar  
  116  15:42  Stalker x2  
  118  15:43  Stalker x4  
  118  15:47  Probe x2 (Chrono Boost)  
  118  15:48  Probe x2 (Chrono Boost)  
  132  15:58  Pylon  
  132  16:00  Observer, Forge  
  132  16:02  Forge  
  133  16:07  Probe (Chrono Boost)  
  133  16:08  Probe (Chrono Boost), Gateway  
  133  16:09  Probe x2 (Chrono Boost)  
  133  16:10  Gateway  
  137  16:18  Probe x2 (Chrono Boost)  
  129  16:21  Stalker  
  129  16:22  Stalker x6  
  143  16:45  Stargate  
  143  16:47  Stargate  
  143  16:58  Nexus  
  143  16:59  Protoss Ground Armor Level 1  
  143  17:00  Protoss Ground Weapons Level 1  
  140  17:12  Observer  
  141  17:25  Stalker x4  
  141  17:26  Stalker x4  
  141  17:27  Pylon, Stalker  
  141  17:29  Pylon  
  159  17:36  Pylon  
  159  17:38  Pylon  
  159  17:51  Blink  
  159  17:53  Warp Prism  
  161  18:00  Probe x3 (Chrono Boost)  
  161  18:01  Probe (Chrono Boost)  
  165  18:07  Stalker x3  
  165  18:08  Stalker x4  
  165  18:10  Probe x2 (Chrono Boost)  
  183  18:12  Probe (Chrono Boost)  
  183  18:13  Probe (Chrono Boost)  
  181  18:21  Probe x2 (Chrono Boost)  
  181  18:25  Probe x2 (Chrono Boost)  
  171  19:00  Protoss Ground Armor Level 2, Probe x2 (Chrono Boost), Protoss Ground Weapons Level 2  
  171  19:01  Probe x2 (Chrono Boost)  
  175  19:03  Fleet Beacon  
  175  19:05  Assimilator  
  175  19:06  Stargate  
  175  19:10  Assimilator  
  175  19:20  Adept x2, Nexus  
  175  19:21  Adept x5  
  175  19:22  Adept x2  
  194  19:40  Probe x2 (Chrono Boost)  
  195  19:46  Assimilator  
  195  19:49  Assimilator  
  195  19:52  Pylon  
  195  19:56  Pylon  
  179  20:42  Stalker x3  
  169  20:43  Stalker x3  
  169  20:44  Stalker x3  
  183  20:58  Protoss Ground Weapons Level 3  
  181  21:10  Carrier x2  
  181  21:11  Carrier  
  181  21:14  Protoss Shields Level 1  
  181  21:15  Observer  
  181  21:17  Graviton Catapult  
  166  21:47  Stalker  
  166  21:48  Nexus, Stalker x5  
  166  21:49  Stalker x3  
  166  21:51  Pylon  
  168  21:54  Pylon  
  168  21:56  Assimilator  
  150  22:02  Assimilator  
  150  22:03  Pylon  
  150  22:07  Pylon  
  120  22:21  Stalker x5  
  120  22:22  Stalker x4  
  132  22:35  Carrier x3  
  150  22:59  Stalker x4  
  150  23:00  Stalker x5  
  162  23:37  Probe (Chrono Boost)  
  162  23:38  Probe x4 (Chrono Boost)  
  168  23:50  Probe x4 (Chrono Boost)  
  167  23:59  Stalker x2  
  167  24:00  Stalker x6  
  167  24:01  Stalker  
  195  24:32  Nexus  
  195  24:36  Assimilator  
  195  24:39  Stalker x2  
  195  24:41  Assimilator  
  195  24:43  Pylon  
  199  24:46  Pylon  
Show
View Real Time Build Order
Export as new Build Order

Amountofsox Terran 

Build Orders: MMM Bio 

Get SALT Encoding   

  12  0:01  SCV  
  13  0:14  SCV  
  14  0:20  Supply Depot  
  14  0:26  SCV  
  15  0:36  Refinery  
  15  0:41  SCV  
  16  0:53  SCV  
  17  1:05  Barracks  
  17  1:11  Barracks  
  17  1:37  Barracks  
  17  1:58  Orbital Command  
  17  2:00  Marine x2  
  19  2:07  Supply Depot  
  19  2:22  Barracks Tech Lab  
  19  2:23  Barracks Tech Lab  
  19  2:29  SCV  
  20  2:30  Barracks Reactor  
  20  2:41  SCV  
  20  2:43  Marauder  
  23  2:45  Marauder  
  25  2:56  Stimpack, Concussive Shells  
  25  3:04  Marauder  
  27  3:10  Marauder  
  29  3:14  Supply Depot  
  29  3:18  Marine x2  
  31  3:36  Marine x2, SCV  
  34  3:43  Engineering Bay  
  34  3:44  Marauder  
  37  3:48  SCV  
  37  3:51  Marauder  
  39  4:09  Supply Depot  
  39  4:16  Missile Turret  
  39  4:19  SCV  
  39  4:23  Missile Turret  
  39  4:32  Missile Turret  
  39  4:33  Marine x2  
  43  4:38  Marauder  
  43  4:45  Marauder  
  45  4:52  Marine x2  
  47  5:11  Missile Turret  
  31  6:07  Marine x2, Marauder x2  
  31  6:08  SCV  
  36  6:19  Command Center  
  36  6:20  SCV  
  36  6:22  Supply Depot  
  36  6:25  Refinery, Missile Turret  
  37  6:27  Combat Shields  
  37  6:29  Marine x2  
  37  6:32  SCV  
  40  6:34  Marauder  
  40  6:39  Marauder  
  44  6:44  SCV  
  45  6:48  Missile Turret  
  45  6:56  SCV, Marauder  
  45  7:01  Marauder  
  48  7:08  SCV  
  49  7:20  SCV  
  50  7:28  Supply Depot, Hi-Sec Auto Tracking, Missile Turret  
  52  7:30  Marine, Marauder x2  
  55  7:49  Marine x2, SCV  
  60  7:51  Marauder x2, Factory  
  62  8:01  SCV  
  62  8:04  Planetary Fortress  
  63  8:07  Marine x2  
  67  8:13  SCV, Marauder x2  
  70  8:26  SCV  
  71  8:29  Terran Infantry Armor Level 1  
  71  8:31  Marine x2  
  77  8:34  Factory Reactor, Marauder x2  
  77  8:38  Starport, SCV  
  78  8:50  Supply Depot  
  78  8:54  Supply Depot  
  78  8:56  Supply Depot  
  78  9:04  SCV  
  76  9:16  SCV  
  45  9:31  Marine x2, Marauder x2  
  49  9:36  Medivac  
  49  9:37  Medivac  
  55  9:44  SCV  
  56  9:49  Marine x2  
  56  9:52  Marauder x2, Refinery  
  62  9:53  Refinery  
  62  9:57  SCV  
  62  10:07  Marine x2  
  59  10:09  SCV  
  59  10:13  Marine x2  
  53  10:21  SCV  
  46  10:36  Marine  
  46  10:37  Marine, Marauder x2  
  46  11:01  Marine x2, Marauder x2  
  46  11:03  Medivac x2  
  56  11:18  Marine  
  56  11:19  Marine  
  56  11:22  Marauder x2  
  56  11:36  Marine x2  
  52  11:43  Marine x2  
  54  11:54  Marine x2  
  54  11:55  Starport Reactor  
  60  12:01  Marauder x2  
  60  12:04  Barracks  
  60  12:05  Barracks  
  60  12:07  Barracks  
  60  12:12  Marine x2  
  59  12:23  Marauder x2  
  59  12:25  Missile Turret  
  59  12:30  Marine x2  
  60  12:37  Widow Mine  
  60  12:41  Missile Turret  
  60  12:44  Marauder x2  
  58  12:59  Barracks Tech Lab  
  58  13:00  SCV  
  59  13:07  Engineering Bay  
  59  13:12  SCV  
  60  13:24  SCV  
  61  13:27  Command Center  
  61  13:33  Marine x6  
  67  13:34  Marauder  
  67  13:36  SCV  
  70  13:41  Missile Turret  
  70  13:47  Widow Mine  
  72  13:48  SCV  
  73  14:05  Missile Turret  
  73  14:09  SCV x2  
  75  14:32  SCV x2, Missile Turret  
  75  14:34  Missile Turret  
  77  14:50  Refinery  
  77  14:51  Missile Turret  
  67  15:40  Viking x2  
  71  15:46  SCV x2  
  73  16:09  SCV x2  
  75  16:12  Terran Infantry Weapons Level 1  
  75  16:35  Planetary Fortress  
  75  16:43  Missile Turret  
  75  16:44  Missile Turret  
  75  17:11  SCV  
  75  17:15  Widow Mine  
  76  17:21  Marauder x3  
  76  17:22  Marine x3  
  84  17:23  Marine, SCV  
  84  17:29  Medivac  
  91  17:30  Medivac  
  91  17:35  SCV  
  94  17:44  Widow Mine  
  94  17:48  SCV  
  97  18:00  SCV  
  98  18:06  Armory  
  98  18:08  Marine x6  
  98  18:09  Marauder  
  98  18:12  SCV, Widow Mine  
  108  18:24  SCV  
  109  18:28  Supply Depot  
  109  18:29  Supply Depot  
  109  18:36  SCV  
  109  18:41  Widow Mine  
  97  19:08  Supply Depot  
  97  19:09  Widow Mine, Terran Infantry Armor Level 2  
  96  19:11  Terran Vehicle And Ship Armor Level 1  
  98  19:38  Widow Mine  
  100  20:06  Widow Mine  
  100  20:07  Supply Depot  
  100  20:11  Supply Depot  
  102  20:35  Widow Mine  
  97  20:54  SCV  
  98  20:58  Marine x4, Marauder x2  
  98  21:03  Widow Mine  
  106  21:06  SCV  
  43  22:41  Command Center  
  36  24:16  Command Center  
  36  24:24  Marine x2  
  36  24:25  Marine x2  
  36  24:27  Widow Mine  
  36  24:29  Missile Turret  
Tags
 
Composition
MMM Bio
League
GoldGold
Matchup
PvT
Replay Pack
All Mines
Spawn Locations
Close Positions
Add a new tag
Caveats
  • Supply blocks, unpowered buildings, or Contaminate may cause inaccurate times.
  • Supply counts are checked every 10 seconds.